 Dungeon Crawl Stone Soup version 0.30-a0-989-g0d87f670db (webtiles) character file.

Game seed: 1508569713971664638

2040 arthad the Twirler (level 9, -6/69 HPs)
             Began as a Gnoll Wanderer on Apr 2, 2023.
             Was an Initiate of Gozag.
             Killed by an exploding white imp (10 damage)
             ... ignited by their inner flame
             ... on level 6 of the Dungeon on Apr 4, 2023.
             The game lasted 00:16:08 (4893 turns).

arthad the Twirler (Gnoll Wanderer)                 Turns: 4893, Time: 00:16:09

Health: -6/69      AC: 10    Str: 15    XL:     9   Next: 24%
Magic:  15/15      EV: 12    Int: 17    God:    Gozag
Gold:   838        SH:  0    Dex:  9    Spells: 16/16 levels left

rFire   + . .      SeeInvis .    a - +4 quarterstaff
rCold   . . .      Faith    .    (shield currently unavailable)
rNeg    . . .      Spirit   .    m - +0 ring mail {rF+}
rPois   .          Reflect  .    (no helmet)
rElec   .          Rampage  .    b - +0 cloak
rCorr   .                        t - +0 pair of gloves
Will    .....                    y - +0 pair of boots
Stlth   ++                       (no amulet)
HPRegen 0.31/turn                (no ring)
MPRegen 0.14/turn                (no ring)

@: gold aura
A: fangs 1, strong nose, distributed training, claws 1, talons 1, clever 1
a: Renounce Religion, Potion Petition, Call Merchant, Bribe Branch


You were on level 6 of the Dungeon.
You worshipped Gozag.
Gozag was pleased with you.
You visited 1 branch of the dungeon, and saw 6 of its levels.

You collected 897 gold pieces.
You paid 59 gold pieces to Gozag.

Inventory:

Hand Weapons
 a - a +4 quarterstaff (weapon)
 e - a +2 whip of electrocution
 k - a +0 rapier
Missiles
 n - 12 poisoned darts (quivered)
Armour
 b - a +0 cloak (worn)
 d - a +0 leather armour
 f - the +0 robe "Geotaseh" {rCorr}
   (You found it on level 4 of the Dungeon)

   rCorr:     It protects you from acid and corrosion.
 m - a +0 ring mail of fire resistance (worn)
 t - a +0 pair of gloves (worn)
 y - a +0 pair of boots (worn)
Scrolls
 g - a scroll of poison
 h - a scroll of immolation
 i - 6 scrolls of identify
 j - 3 scrolls of teleportation
 l - 6 scrolls of blinking {unknown}
 u - a scroll of vulnerability
 w - a scroll of magic mapping
Potions
 c - 3 potions of curing
 o - a potion of lignification
 q - a potion of flight
 r - a potion of mutation


   Skills:
 + Level 6.3 Fighting
 + Level 4.2 Short Blades
 + Level 4.2 Long Blades
 + Level 4.2 Axes
 + Level 4.2 Maces & Flails
 + Level 4.2 Polearms
 + Level 7.9 Staves
 + Level 4.2 Ranged Weapons
 + Level 4.2 Throwing
 + Level 6.3 Armour
 + Level 6.3 Dodging
 + Level 4.9 Stealth
 + Level 4.2 Shields
 + Level 4.2 Unarmed Combat
 + Level 4.2 Spellcasting
 + Level 3.4 Conjurations
 + Level 3.4 Hexes
 + Level 3.4 Summonings
 + Level 3.4 Necromancy
 + Level 3.4 Translocations
 + Level 3.4 Transmutations
 + Level 3.4 Fire Magic
 + Level 3.4 Ice Magic
 + Level 3.4 Air Magic
 + Level 3.4 Earth Magic
 + Level 3.4 Poison Magic
 + Level 4.6 Invocations
 + Level 4.2 Evocations


You had 16 spell levels left.
You didn't know any spells.
Your spell library contained the following spells:

 Spells                   Type           Power      Damage    Failure   Level
 Sublimation of Blood     Necr           15%        N/A       10%         2
 Stone Arrow              Conj/Erth      30%        3d8       21%         3
 Animate Armour           Summ/Erth      30%        N/A       54%         4
 Petrify                  Tmut/Erth      15%        N/A       54%         4
 Irradiate                Conj/Tmut      7%         3d14      88%         5
 Lehudib's Crystal Spear  Conj/Erth      7%         10d3      100%        8


Dungeon Overview and Level Annotations

Branches:
Dungeon (6/15)             Temple (0/1) D:4

Altars:
Gozag
Qazlal

Shops:
D:1 :

Annotations:
D:6 3 runed translucent doors, Maggie; Zvl3's ghost, novice GrEE


Innate Abilities, Weirdness & Mutations

You have very sharp teeth.
Your uncanny sense of smell can sniff out nearby items.
Your experience applies equally to all skills.
You have sharp fingernails.
You have sharp toenails.
Your mind is acute. (Int +4, Str/Dex -1)


Message History

Press: ? - help, Dir - move target, f - Maggie
Aim: Maggie, wielding a +0 broad axe of flaming and wearing +0 steam dragon scales (poison gas, lightly wounded, inner flame, very poisoned, ally target) Attack!
Flame seeps out of Maggie.
The white imp gestures at you. The puff of frost hits you.
The ice beast hits you. The ice beast freezes you.
* * * LOW HITPOINT WARNING * * *
Maggie looks as sick as possible!
Maggie hits you with a +0 broad axe of flaming!
* * * LOW HITPOINT WARNING * * *
Maggie burns you.
* * * LOW HITPOINT WARNING * * *
Maggie misses your shadow imp.
Your centaur is engulfed in poison gas.
Your centaur is poisoned.
Your centaur wields a +0 shortbow.
Your centaur shoots an arrow.
The arrow hits the white imp!
Flame seeps out of the white imp.
Your shadow imp completely misses Maggie.
Your orc warrior is engulfed in poison gas.
Your orc warrior is poisoned.
Your orc warrior barely misses the white imp.
Your orc is engulfed in poison gas.
Your orc is poisoned.
You kill your orc!
Your orc's corpse dissolves into shadows!
Your orc is engulfed in poison gas.
Your orc is poisoned.
You kill your orc!
Your orc's corpse dissolves into shadows!
Okay, then.
As you read the scroll labelled JUTAPEMNASI, it crumbles to dust.
The scroll dissolves into smoke.
It was a scroll of fog.
Flame seeps out of Maggie.
Flame seeps out of the black bear.
Your centaur looks even sicker.
Your centaur shoots an arrow.
The arrow hits the white imp!
The white imp explodes!
The fiery explosion engulfs Maggie!!!
Flame seeps out of Maggie.
Maggie is almost dead.
The fiery explosion engulfs the ice beast!!
The ice beast melts!
The fiery explosion engulfs you! You resist.
You die...
Your body crumbles into a pile of gold.

#. .....##..#.#
#§###########..#.##
#§§☼§§.........#...
#§§§§#######...#..#
#☼☼§§# #...#..#
#☼☼§§#.#.###...#..#
#☼§§.......#...#..#
#§§#+#§#§#.#...#..#
#§@c§☼§§§§ #...#..#
#☼§§§@§§§§§§§§
........
#§§☼5§ho§§☼§☼§..
....
#§§§§☼§§☼§§§☼§.> .
#§§☼§§§§.§☼§§☼..
##☼§§☼§☼§☼§§☼§
#§§§§.§☼§§§§☼
#§§§☼§§☼§§§§§


You could see Maggie (inner flame, extremely poisoned, ally target), a black
bear (inner flame, very poisoned), a friendly orc warrior (summoned, poisoned),
a friendly centaur (summoned, very poisoned) and a friendly shadow imp
(summoned).

Vanquished Creatures
  Pikel (D:4)
  Eustachio (D:5)
  A water moccasin (D:4)
  4 ice beasts
  A sky beast (D:5)
  3 ogres
  3 lemures
  A phantom (D:6)
  2 scorpions (D:5)
  A howler monkey (D:4)
  3 hounds
  An orc priest (D:5)
  A sleepcap (D:6)
  A gnoll bouda (D:6)
  An orc wizard (D:5)
  2 iguanas (D:5)
  7 gnolls
  7 adders
  A shadow imp (D:6)
  An ufetubus (D:6)
  4 worms
  4 dart slugs
  12 orcs
  9 endoplasms
  A giant cockroach (D:1)
  7 goblins
  9 hobgoblins
  7 jackals
  9 kobolds
  4 quokkas
  10 ball pythons
  3 bats
  5 frilled lizards
  5 rats
132 creatures vanquished.

Vanquished Creatures (collateral kills)
  A white imp (D:6)
1 creature vanquished.

Grand Total: 133 creatures vanquished

Notes
Turn   | Place    | Note
-------+----------+-------------------------------------------
     0 | D:1      | arthad the Gnoll Wanderer began the quest for the Orb.
     0 | D:1      | arthad set off with the following items: a +3 quarterstaff,
                  | a +0 cloak, a potion of curing, a +0 leather armour.
     0 | D:1      | Reached XP level 1. HP: 20/20 MP: 1/1
   120 | D:1      | Reached XP level 2. HP: 26/26 MP: 2/2
   318 | D:1      | Reached XP level 3. HP: 31/31 MP: 3/3
   441 | D:1      | Reached skill level 1 in Invocations
   480 | D:1      | Found Sureg's Book Boutique.
   854 | D:1      | Reached skill level 1 in Short Blades
   854 | D:1      | Reached skill level 1 in Long Blades
   854 | D:1      | Reached skill level 1 in Axes
   854 | D:1      | Reached skill level 1 in Maces & Flails
   854 | D:1      | Reached skill level 1 in Polearms
   854 | D:1      | Reached skill level 1 in Ranged Weapons
   854 | D:1      | Reached skill level 1 in Throwing
   854 | D:1      | Reached skill level 1 in Shields
   854 | D:1      | Reached skill level 1 in Unarmed Combat
   854 | D:1      | Reached skill level 1 in Spellcasting
   854 | D:1      | Reached skill level 1 in Evocations
   995 | D:2      | Reached XP level 4. HP: 38/38 MP: 5/5
  1198 | D:2      | Found an opulent altar of Gozag.
  1260 | D:2      | Reached skill level 1 in Conjurations
  1260 | D:2      | Reached skill level 1 in Hexes
  1260 | D:2      | Reached skill level 1 in Summonings
  1260 | D:2      | Reached skill level 1 in Necromancy
  1260 | D:2      | Reached skill level 1 in Translocations
  1260 | D:2      | Reached skill level 1 in Transmutations
  1260 | D:2      | Reached skill level 1 in Fire Magic
  1260 | D:2      | Reached skill level 1 in Ice Magic
  1260 | D:2      | Reached skill level 1 in Air Magic
  1260 | D:2      | Reached skill level 1 in Earth Magic
  1260 | D:2      | Reached skill level 1 in Poison Magic
  1296 | D:2      | Became a worshipper of Gozag Ym Sagoz the Greedy
  2052 | D:3      | Reached XP level 5. HP: 42/43 MP: 7/7
  2687 | D:4      | Noticed an ogre
  2707 | D:4      | Killed an ogre
  2708 | D:4      | Reached XP level 6. HP: 42/50 MP: 8/8
  2772 | D:4      | Reached skill level 5 in Fighting
  2772 | D:4      | Reached skill level 5 in Armour
  2772 | D:4      | Reached skill level 5 in Dodging
  2880 | D:4      | Found a staircase to the Ecumenical Temple.
  2883 | D:4      | You fall into a shaft and drop 2 floors!
  2928 | D:6      | Found a runed translucent gate.
  2929 | D:6      | Found a runed translucent gate.
  2930 | D:6      | Found a runed translucent gate.
  2933 | D:6      | Noticed Zvl3's ghost (novice GrEE)
  2975 | D:6      | Noticed an ice beast
  2979 | D:6      | Reached skill level 7 in Staves
  2979 | D:6      | Reached XP level 7. HP: 54/56 MP: 10/10
  3013 | D:5      | Entered Level 5 of the Dungeon
  3013 | D:5      | Noticed Pikel
  3140 | D:6      | Found a stormy altar of Qazlal.
  3307 | D:5      | Noticed Eustachio
  3331 | D:4      | Gained mutation: You have hidden genetic potential. [potion
                  | of mutation]
  3331 | D:4      | Gained mutation: You have sharp fingernails. [potion of
                  | mutation]
  3672 | D:4      | Identified the +0 robe "Geotaseh" {rCorr}
  3730 | D:5      | Reached XP level 8. HP: 58/63 MP: 12/12
  3853 | D:5      | Gained mutation: Your mind is acute. (Int +4, Str/Dex -1)
                  | [hidden potential]
  4155 | D:4      | Killed Pikel
  4156 | D:4      | Reached XP level 9. HP: 33/69 MP: 13/15
  4321 | D:5      | Killed Eustachio
  4324 | D:5      | Gained mutation: You have sharp toenails. [hidden
                  | potential]
  4324 | D:5      | Lost mutation: You have hidden genetic potential. [hidden
                  | potential expressed]
  4885 | D:6      | Noticed Maggie
  4893 | D:6      | Killed by an exploding white imp... ignited by their inner
                  | flame

Illustrated notes

Levels and vault maps discovered:
D:1:      minmay_arrival_diagonal_passages, layout_loops_ring, serial_shops,
          nicolae_shop_advertising_works [nicolae_subvault_shop_adworks],
          chequers_serial_rivers_micro_d, minmay_vboxes
D:2:      layout_basic, basic_altar
D:3:      layout_basic, minivault_26, minmay_quantized
D:4:      layout_rooms, minmay_temple_entry_sparse_star
D:5:      layout_cave_pools, uniq_eustachio, uniq_pikel
D:6:      layout_basic, grunt_qazlal_clouds, gammafunk_ghost_necromancy,
          uniq_maggie

Skill      XL: |  1  2  3  4  5  6  7  8 |
---------------+-------------------------+-----
Invocations    | 1 2 3 4 |  4.6
Short Blades   | 1 2 3 4 |  4.2
Long Blades    | 1 2 3 4 |  4.2
Axes           | 1 2 3 4 |  4.2
Maces & Flails | 1 2 3 4 |  4.2
Polearms       | 1 2 3 4 |  4.2
Ranged Weapons | 1 2 3 4 |  4.2
Throwing       | 1 2 3 4 |  4.2
Shields        | 1 2 3 4 |  4.2
Unarmed Combat | 1 2 3 4 |  4.2
Spellcasting   | 1 2 3 4 |  4.2
Evocations     | 1 2 3 4 |  4.2
Conjurations   | 1 2 3 |  3.4
Hexes          | 1 2 3 |  3.4
Summonings     | 1 2 3 |  3.4
Necromancy     | 1 2 3 |  3.4
Translocations | 1 2 3 |  3.4
Transmutations | 1 2 3 |  3.4
Fire Magic     | 1 2 3 |  3.4
Ice Magic      | 1 2 3 |  3.4
Air Magic      | 1 2 3 |  3.4
Earth Magic    | 1 2 3 |  3.4
Poison Magic   | 1 2 3 |  3.4
Stealth        | 3 4 |  4.9
Fighting       | 5 6 |  6.3
Armour         | 5 6 |  6.3
Dodging        | 5 6 |  6.3
Staves         | 7 |  7.9

Action                     |  1- 3 |  4- 6 |  7- 9 || total
---------------------------+-------+-------+-------++-------
  Melee: Quarterstaff      |    83 |   126 |   184 ||   393
         Bite              |     6 |     7 |    26 ||    39
  Throw: Dart              |       |    23 |    17 ||    40
    Use: Scroll            |       |     1 |    10 ||    11
         Potion            |       |       |     9 ||     9
   Stab: Distracted        |     1 |       |     1 ||     2
         Sleeping          |     1 |       |     1 ||     2
 Armour: Leather armour    |    17 |       |       ||    17
         Ring mail         |     7 |    42 |    70 ||   119
         Skin              |       |       |    10 ||    10
  Dodge: Dodged            |    47 |    75 |   119 ||   241

Table legend: (Time is in decaauts)
 A = Elapsed time spent in this place.
 B = Non-inter-level travel time spent in this place.
 C = Inter-level travel time spent in this place.
 D = Time resting spent in this place.
 E = Time spent auto-exploring this place.
 F = Levels seen in this place.
 G = Mean time per level.
                   A        B        C        D        E       F      G
               +--------+--------+--------+--------+--------+-----+--------+
         Total |   4852 |   4642 |    210 |    146 |   3528 |   6 |  808.7 |
       Dungeon |   4852 |   4642 |    210 |    146 |   3528 |   6 |  808.7 |
               +--------+--------+--------+--------+--------+-----+--------+

Top non-repeatable levels by time:
     D:4: 914 daAuts
     D:1: 913 daAuts
     D:2: 907 daAuts
     D:3: 795 daAuts
     D:5: 752 daAuts
     D:6: 567 daAuts
